[Event "ICC tourney 2375 (15 3)"]
[Site "Internet Chess Club"]
[Date "2021.02.06"]
[Round "4"]
[White "SFB-TU"]
[Black "RatislavK"]
[Result "1-0"]
[ICCResult "Black resigns"]
[WhiteElo "1177"]
[BlackElo "1482"]
[Opening "Petrov: French attack"]
[ECO "C42"]
[NIC "RG.03"]
[Time "15:15:20"]
[PlyCount "89"]
[TimeControl "900+3"]

1. e4 e5 2. Nf3 Nf6 3. Nxe5 d6 4. Nf3 Nxe4 5. d3 Nf6 6. Nc3 Be7 7. Be3 c5
8. Be2 Nc6 9. h3 d5 10. d4 Qb6 11. Rb1 c4 12. Ne5 Qc7 13. Nxc6 Qxc6 14. Bf3
b5 15. Bg5 b4 16. Bxf6 Bxf6 17. Bxd5 Qd7 18. Bxa8 bxc3 19. bxc3 O-O 20. O-O
Qa4 21. Ra1 Qa5 22. Qd2 Bg5 23. Qe1 Bxh3 24. gxh3 Rxa8 25. Qe4 Rf8 26. Qe5
Qd8 27. Qg3 Bh4 28. Qg4 f5 29. Qf3 Qg5+ 30. Qg2 Qd2 31. Qd5+ Kh8 32. Qxc4
h6 33. d5 Qg5+ 34. Kh2 f4 35. Qd3 f3 36. Rg1 Qe5+ 37. Kh1 Bxf2 38. Rg4 Bc5
39. Rf1 f2 40. Rg2 Qh5 41. Qg3 Rf7 42. Qg4 Qe5 43. Qg3 Qe1 44. Rxe1 fxe1=Q+
45. Qxe1 { Black resigns } 1-0

[Event "ICC tourney 2375 (15 3)"]
[Site "Internet Chess Club"]
[Date "2021.02.06"]
[Round "4"]
[White "Aladdin1962"]
[Black "StallionItalian"]
[Result "0-1"]
[ICCResult "White resigns"]
[WhiteElo "1707"]
[BlackElo "1156"]
[Opening "Owen defense"]
[ECO "B00"]
[NIC "VO.02"]
[Time "15:15:14"]
[PlyCount "87"]
[TimeControl "900+3"]

1. e4 b6 2. d4 Bb7 3. Bd3 Nf6 4. Nc3 e6 5. Nge2 h6 6. O-O Be7 7. Ng3 d6 8.
f4 Nbd7 9. Be3 c5 10. Bb5 a6 11. Bxd7+ Qxd7 12. e5 Nd5 13. Nxd5 Bxd5 14.
Qe2 c4 15. c3 b5 16. Qg4 g6 17. Rae1 h5 18. Qd1 h4 19. Ne2 h3 20. g3 Qc6
21. f5 exf5 22. Nf4 Kd7 23. Nxd5 Qxd5 24. Rf2 g5 25. Qc2 f4 26. Qf5+ Kc6
27. gxf4 gxf4 28. Bxf4 Rag8+ 29. Kf1 Bh4 30. Re4 Bxf2 31. Kxf2 Rg2+ 32. Ke3
Qe6 33. Qxe6 fxe6 34. exd6 Kd7 35. d5 Re8 36. dxe6+ Rxe6 37. Rxe6 Kxe6 38.
Kd4 Rxb2 39. Kc5 Kd7 40. a4 bxa4 41. Kxc4 a3 42. Kd5 a2 43. c4 a1=Q 44. Be5
{ White resigns } 0-1

[Event "ICC tourney 2375 (15 3)"]
[Site "Internet Chess Club"]
[Date "2021.02.06"]
[Round "4"]
[White "tistime"]
[Black "blueocean07"]
[Result "0-1"]
[ICCResult "White resigns"]
[WhiteElo "821"]
[BlackElo "1737"]
[Opening "French: advance, Paulsen attack"]
[ECO "B22"]
[NIC "SI.46"]
[Time "15:15:19"]
[PlyCount "56"]
[TimeControl "900+3"]

1. e4 c5 2. c3 d5 3. e5 Nc6 4. Nf3 e6 5. d4 cxd4 6. cxd4 Bb4+ 7. Bd2 Bxd2+
8. Nbxd2 Nge7 9. Bd3 O-O 10. O-O Qb6 11. Qb3 Nxd4 12. Nxd4 Qxd4 13. Nf3 Qf4
14. g3 Qg4 15. Kg2 Nc6 16. h3 Qb4 17. Qc2 Bd7 18. Bxh7+ Kh8 19. h4 Rac8 20.
a3 Qb6 21. Qe2 Nd4 22. Nxd4 Kxh7 23. Qh5+ Kg8 24. Nf3 f6 25. exf6 Be8 26.
Qg5 Rxf6 27. Qd2 Bb5 28. Rh1 Rcf8 { White resigns } 0-1

[Event "ICC tourney 2375 (15 3)"]
[Site "Internet Chess Club"]
[Date "2021.02.06"]
[Round "4"]
[White "dMerc37"]
[Black "sujashankar"]
[Result "0-1"]
[ICCResult "White resigns"]
[WhiteElo "1466"]
[BlackElo "1749"]
[Opening "Sicilian"]
[ECO "B50"]
[NIC "SI.01"]
[Time "15:16:03"]
[PlyCount "88"]
[TimeControl "900+3"]

1. e4 c5 2. Nf3 d6 3. c3 Nf6 4. Bb5+ Bd7 5. Bxd7+ Qxd7 6. d3 g6 7. Be3 Bg7
8. Qd2 O-O 9. Bh6 Nc6 10. Bxg7 Kxg7 11. O-O Rac8 12. h4 Qg4 13. Qg5 Qd7 14.
Nbd2 b5 15. d4 cxd4 16. cxd4 e5 17. dxe5 dxe5 18. Rad1 Qe6 19. Rfe1 Rfe8
20. Nb3 h6 21. Qg3 Nh5 22. Qh2 Nf4 23. Nc5 Qxa2 24. Nxe5 Nxe5 25. Qxf4 Rxc5
26. Rd6 Qxb2 27. Qf6+ Kg8 28. Red1 Nc4 29. Rd8 Qxf6 30. Rxe8+ Kg7 31. Rdd8
Qxd8 32. Rxd8 b4 33. Ra8 b3 34. Rxa7 b2 35. Rb7 Ra5 36. e5 Ra1+ 37. Kh2
b1=Q 38. Rxb1 Rxb1 39. f4 g5 40. hxg5 hxg5 41. fxg5 Nxe5 42. Kh3 Kg6 43.
Kh4 Rh1+ 44. Kg3 Kxg5 { White resigns } 0-1

[Event "ICC tourney 2375 (15 3)"]
[Site "Internet Chess Club"]
[Date "2021.02.06"]
[Round "4"]
[White "quale"]
[Black "Kolten112358"]
[Result "0-1"]
[ICCResult "White resigns"]
[WhiteElo "1724"]
[BlackElo "1215"]
[Opening "Caro-Kann: two knights, 3...Bg4"]
[ECO "B11"]
[NIC "CK.01"]
[Time "15:15:33"]
[PlyCount "136"]
[TimeControl "900+3"]

1. e4 c6 2. Nc3 d5 3. Nf3 Bg4 4. h3 Bxf3 5. Qxf3 e6 6. Be2 Bc5 7. O-O Ne7
8. Rd1 Ng6 9. d4 Bb6 10. Na4 Nd7 11. Nxb6 axb6 12. e5 c5 13. c3 O-O 14. a4
c4 15. Be3 Qc7 16. Qg3 f6 17. f4 fxe5 18. fxe5 Ne7 19. Bg4 Nf5 20. Bxf5
Rxf5 21. Bd2 Nf6 22. Re1 Ne4 23. Rxe4 dxe4 24. Qg4 Qc6 25. Bh6 g6 26. Bg5
Raf8 27. Bf6 e3 28. Re1 Qxa4 29. Qe4 R8xf6 30. exf6 Rxf6 31. Qxe3 Qc6 32.
Ra1 Qb5 33. Qh6 Qe8 34. Ra7 Qb8 35. Ra4 b5 36. Ra5 Qe8 37. Qh4 Rf7 38. Qe4
Qc6 39. Qe5 Rf5 40. Ra8+ Rf8 41. Rxf8+ Kxf8 42. Qh8+ Ke7 43. Qxh7+ Kd6 44.
Qxg6 Qd5 45. Qg3+ Kc6 46. Qf3 Qxf3 47. gxf3 b4 48. h4 bxc3 49. bxc3 b5 50.
h5 b4 51. h6 bxc3 52. h7 c2 53. h8=Q c1=Q+ 54. Kg2 Qd2+ 55. Kg3 Qg5+ 56.
Kf2 Qd5 57. Qa8+ Kb5 58. Qb8+ Ka4 59. Qa7+ Kb3 60. Qb6+ Kc3 61. Kg3 Kd3 62.
Kg4 c3 63. Qb1+ c2 64. Qf1+ Kc3 65. Qe1+ Kb2 66. Qb4+ Ka1 67. Qe1+ Kb2 68.
Qb4+ Qb3 { White resigns } 0-1

[Event "ICC tourney 2375 (15 3)"]
[Site "Internet Chess Club"]
[Date "2021.02.06"]
[Round "4"]
[White "awakeprize"]
[Black "lokesh888"]
[Result "0-1"]
[ICCResult "White forfeits on time"]
[WhiteElo "1479"]
[BlackElo "1058"]
[Opening "Caro-Kann: advance variation"]
[ECO "B12"]
[NIC "CK.02"]
[Time "15:15:21"]
[PlyCount "70"]
[TimeControl "900+3"]

1. e4 c6 2. d4 d5 3. e5 c5 4. c3 Nc6 5. Nf3 Bg4 6. Be2 Bxf3 7. Bxf3 e6 8.
O-O Nge7 9. Be3 Nf5 10. Qd2 cxd4 11. cxd4 Qb6 12. Rd1 Bb4 13. Nc3 O-O 14.
a3 Bxc3 15. bxc3 Nxe3 16. Qxe3 Qd8 17. Rab1 b6 18. c4 f6 19. cxd5 exd5 20.
exf6 Rxf6 21. Qb3 Rd6 22. Rbc1 Rc8 23. Qa2 Nxd4 24. Rxc8 Nxf3+ 25. gxf3
Qxc8 26. Kg2 Qf5 27. Qd2 h6 28. Qa2 Kh7 29. Rd4 Rg6+ 30. Kf1 Qxf3 31. Rxd5
Qh3+ 32. Ke2 Re6+ 33. Kd1 Qf1+ 34. Kc2 Qxf2+ 35. Rd2 Re2 { White forfeits
on time } 0-1

[Event "ICC tourney 2375 (15 3)"]
[Site "Internet Chess Club"]
[Date "2021.02.06"]
[Round "4"]
[White "mohitbayyarapu"]
[Black "IveDoneEnough"]
[Result "1-0"]
[ICCResult "Black resigns"]
[WhiteElo "1742"]
[BlackElo "1645"]
[Opening "Sicilian: dragon, classical, Amsterdam variation"]
[ECO "B72"]
[NIC "SI.25"]
[Time "15:15:17"]
[PlyCount "133"]
[TimeControl "900+3"]

1. e4 c5 2. Nf3 Nc6 3. d4 cxd4 4. Nxd4 Nf6 5. Nc3 d6 6. Be3 g6 7. Be2 Bg7
8. Qd2 Ng4 9. Bxg4 Bxg4 10. f3 Bd7 11. O-O O-O 12. Kh1 Rc8 13. Nb3 Ne5 14.
Bd4 Nc4 15. Qc1 Bxd4 16. Nxd4 e6 17. Nb3 b5 18. a3 a5 19. Nd2 b4 20. Nxc4
Rxc4 21. axb4 axb4 22. Nd1 d5 23. Ne3 Rc5 24. exd5 exd5 25. Qd2 b3 26. c3
Be6 27. Rfd1 Qc7 28. Qd4 Rb5 29. Ra7 Qc5 30. Qxc5 Rxc5 31. Rb7 Re8 32. Nf1
Bf5 33. Kg1 Re2 34. Rd2 Re1 35. Kf2 Rb1 36. Rxb3 Be6 37. Rb8+ Kg7 38. Rb4
Rc4 39. Rxc4 dxc4 40. Ne3 Kf6 41. Ke2 Ke5 42. Nd1 Bf5 43. Nf2 h5 44. Nd1
Bd3+ 45. Ke3 f5 46. f4+ Ke6 47. Kd4 Kd6 48. Nf2 Bf1 49. Nd1 Kc6 50. Ne3 Bd3
51. Nxc4 Bxc4 52. Kxc4 Rf1 53. g3 Re1 54. b4 Re4+ 55. Kb3 Re3 56. Kc4 Re4+
57. Kd3 Kb5 58. Rb2 Rc4 59. Ra2 Rc7 60. Ra5+ Kb6 61. Re5 Rd7+ 62. Kc2 Rd6
63. c4 Kc6 64. Kc3 Rd1 65. Re6+ Kd7 66. Rxg6 Rh1 67. Rg5 { Black resigns }
1-0

[Event "ICC tourney 2375 (15 3)"]
[Site "Internet Chess Club"]
[Date "2021.02.06"]
[Round "4"]
[White "jeffreyallen"]
[Black "LucaMik1"]
[Result "0-1"]
[ICCResult "White resigns"]
[WhiteElo "1704"]
[BlackElo "1408"]
[Opening "Queen's pawn game"]
[ECO "D04"]
[NIC "QP.06"]
[Time "15:15:25"]
[PlyCount "150"]
[TimeControl "900+3"]

1. d4 Nf6 2. Nf3 d5 3. e3 Bg4 4. Nbd2 e6 5. Bd3 c5 6. c3 Nbd7 7. O-O Bd6 8.
e4 dxe4 9. Nxe4 Nxe4 10. Bxe4 Qc7 11. g3 O-O 12. Bxh7+ Kh8 13. Be3 Qc6 14.
d5 exd5 15. Kg2 Ne5 16. Nxe5 Bxe5 17. Qxg4 Kxh7 18. Qh5+ Kg8 19. Qxe5 d4+
20. Kg1 Rae8 21. Qf4 Re4 22. Qf3 dxe3 23. fxe3 Qe6 24. Rae1 Re8 25. Kf2
Qxa2 26. Re2 Qe6 27. Rfe1 Qh6 28. Kg2 R8e5 29. Rf1 f6 30. g4 Rxe3 31. Rxe3
Rxe3 32. Qd5+ Kh7 33. Qf5+ Qg6 34. Qf4 Qe4+ 35. Qxe4+ Rxe4 36. Kf3 Ra4 37.
h4 Ra2 38. Rf2 b5 39. Ke4 b4 40. cxb4 cxb4 41. Kf5 b3 42. g5 Ra5+ 43. Kg4
Ra4+ 44. Kf5 Ra5+ 45. Kg4 fxg5 46. hxg5 Kg6 47. Rf3 Rxg5+ 48. Kh4 Rb5 49.
Rg3+ Kf6 50. Rf3+ Ke6 51. Rg3 Rb7 52. Kg5 Kd5 53. Kg6 Kc4 54. Re3 a5 55.
Rc3+ Kb4 56. Kf5 a4 57. Re3 Kc4 58. Re4+ Kd3 59. Rxa4 Kc2 60. Ra3 Kxb2 61.
Ra6 Kb1 62. Ke4 b2 63. Kd3 Rd7+ 64. Kc3 Rc7+ 65. Kd2 g5 66. Ra5 g4 67. Rg5
Ka2 68. Ra5+ Kb3 69. Rb5+ Ka3 70. Ra5+ Kb4 71. Ra8 Rc5 72. Rb8+ Rb5 73.
Rxb5+ Kxb5 74. Kc2 g3 75. Kxb2 g2 { White resigns } 0-1

[Event "ICC tourney 2375 (15 3)"]
[Site "Internet Chess Club"]
[Date "2021.02.06"]
[Round "4"]
[White "drusdan"]
[Black "dlevitin"]
[Result "0-1"]
[ICCResult "White checkmated"]
[WhiteElo "1401"]
[BlackElo "1087"]
[Opening "Caro-Kann: advance variation"]
[ECO "B12"]
[NIC "CK.02"]
[Time "15:15:47"]
[PlyCount "168"]
[TimeControl "900+3"]

1. e4 c6 2. d4 d5 3. e5 e6 4. Bd3 f5 5. exf6 Nxf6 6. Nf3 Bd6 7. Bg5 O-O 8.
O-O Nbd7 9. Nbd2 c5 10. c3 cxd4 11. cxd4 Qb6 12. b3 h6 13. Be3 Qd8 14. Re1
Re8 15. Ne5 Nxe5 16. dxe5 Bxe5 17. Rc1 Bd6 18. Qf3 Bd7 19. Bg6 Rf8 20. Bf4
Bxf4 21. Qxf4 Rc8 22. Qd4 b6 23. Nf3 Rxc1 24. Rxc1 Qe7 25. h3 Be8 26. Ne5
Qd8 27. Nc6 Bxc6 28. Rxc6 Qd7 29. Rc3 Rc8 30. Re3 Qd6 31. Qe5 Rc1+ 32. Kh2
Qxe5+ 33. Rxe5 Rc6 34. g4 Kf8 35. f4 Ke7 36. g5 hxg5 37. fxg5 Nd7 38. Re3
e5 39. h4 Rxg6 40. Kg3 Rc6 41. h5 Re6 42. Kg4 Nf8 43. Kf5 d4 44. Re1 Kd6
45. Ke4 Re7 46. h6 gxh6 47. gxh6 Ke6 48. Rg1 Rh7 49. Rg5 Nd7 50. Rg6+ Kf7
51. Rd6 Ke7 52. Rg6 Kf7 53. Rd6 Ke8 54. Re6+ Re7 55. Rg6 Rf7 56. Rg8+ Ke7
57. Rg6 Rf4+ 58. Kd5 d3 59. Rg7+ Rf7 60. Rg2 Rh7 61. Rd2 Rxh6 62. Rxd3 Rd6+
63. Ke4 Rxd3 64. Kxd3 Ke6 65. a4 Nc5+ 66. Kc4 e4 67. Kd4 Kf5 68. b4 Nxa4
69. Ke3 a5 70. b5 Nc3 71. Kd2 Nxb5 72. Kc2 Ke5 73. Kd2 Kd4 74. Kc2 e3 75.
Kd1 Kd3 76. Ke1 a4 77. Kd1 a3 78. Kc1 a2 79. Kb2 e2 80. Kxa2 e1=Q 81. Kb3
Nc7 82. Ka4 Qb1 83. Ka3 Kc3 84. Ka4 Qb4# { White checkmated } 0-1

[Event "ICC tourney 2375 (15 3)"]
[Site "Internet Chess Club"]
[Date "2021.02.06"]
[Round "4"]
[White "fabianolivares"]
[Black "swordfish89198"]
[Result "0-1"]
[ICCResult "White resigns"]
[WhiteElo "1714"]
[BlackElo "1198"]
[Opening "Trompowsky attack (Ruth, Opocenský opening)"]
[ECO "A45"]
[NIC "QP.07"]
[Time "15:15:19"]
[PlyCount "160"]
[TimeControl "900+3"]

1. d4 Nf6 2. Bg5 d5 3. Bxf6 gxf6 4. e3 e5 5. dxe5 fxe5 6. Qh5 Qf6 7. Nc3 c6
8. O-O-O Bb4 9. Nge2 Be6 10. f4 exf4 11. exf4 Bxc3 12. Nxc3 Qxf4+ 13. Kb1
Nd7 14. g3 Qg4 15. Qh6 O-O-O 16. Be2 Qg6 17. Qe3 Kb8 18. Rhf1 Nb6 19. Qe5+
Ka8 20. Bd3 Qh6 21. Rf2 Rhe8 22. Qd4 Re7 23. Ne4 Rc7 24. Nc5 Nd7 25. Nxd7
Rcxd7 26. Rdf1 Qh3 27. a3 h5 28. a4 Re7 29. a5 a6 30. Qb6 Rc8 31. Qc5 Rec7
32. b3 Qg4 33. Rf4 Qg7 34. Rf6 h4 35. gxh4 Qg4 36. R6f4 Qg2 37. R1f2 Qg1+
38. Kb2 Kb8 39. Qb6 Ka8 40. Bxa6 bxa6 41. Rb4 Qg7+ 42. Ka2 Ra7 43. Qc5 Qf8
44. Qb6 Qd6 45. Rf6 Qc7 46. Qc5 Rb7 47. Rb6 Rxb6 48. axb6 Qb7 49. h5 Rb8
50. h6 Qxb6 51. Qxb6 Rxb6 52. h7 Rb8 53. Kb2 Rh8 54. Rh6 Kb7 55. Kc3 Kc7
56. Kd4 Kd6 57. h4 c5+ 58. Ke3 Ke5 59. Kd3 Bf5+ 60. Kd2 Rxh7 61. Rxa6 Rxh4
62. Ra5 Rh2+ 63. Ke3 Rxc2 64. Rb5 d4+ 65. Kf3 Be4+ 66. Kg4 Kd5 67. b4 f5+
68. Kf4 Kc6 69. Rb8 cxb4 70. Rxb4 Kc5 71. Rb1 Rf2+ 72. Kg3 Bxb1 73. Kxf2
Be4 74. Ke2 Kd5 75. Kd2 f4 76. Ke2 Ke5 77. Kd2 Ba8 78. Ke2 Ke4 79. Kf2 Kd3
80. Ke1 Kc2 { White resigns } 0-1

[Event "ICC tourney 2375 (15 3)"]
[Site "Internet Chess Club"]
[Date "2021.02.06"]
[Round "4"]
[White "Dayman"]
[Black "JamesS"]
[Result "0-1"]
[ICCResult "White forfeits on time"]
[WhiteElo "1623"]
[BlackElo "1450"]
[Opening "Caro-Kann: classical, 6.h4"]
[ECO "B19"]
[NIC "CK.11"]
[Time "15:16:50"]
[PlyCount "134"]
[TimeControl "900+3"]

1. e4 c6 2. d4 d5 3. Nc3 dxe4 4. Nxe4 Bf5 5. Ng3 Bg6 6. h4 h6 7. Nf3 Nf6 8.
h5 Bh7 9. Bd3 Bxd3 10. Qxd3 e6 11. Bd2 c5 12. O-O-O Nc6 13. Qb5 Qb6 14.
Qxb6 axb6 15. a3 cxd4 16. Bf4 Nd5 17. Be5 Nxe5 18. Nxe5 f6 19. Ng6 Rg8 20.
Rxd4 Bc5 21. Rd2 Kf7 22. Ne4 Ra4 23. Nxc5 bxc5 24. g3 b5 25. Re1 Rc4 26. b3
Rd4 27. Rxd4 cxd4 28. Kb2 Rc8 29. a4 bxa4 30. bxa4 Rc4 31. Ra1 Rb4+ 32. Kc1
e5 33. a5 Rc4 34. Kd2 Nb4 35. Ra4 Rxc2+ 36. Kd1 Rxf2 37. Rxb4 Ra2 38. Rb7+
Ke6 39. Rb6+ Kf5 40. a6 Ke4 41. Ne7 Ke3 42. Nc6 d3 43. Rb1 Rxa6 44. Nb4 Rd6
45. Ra1 Rd4 46. Nc6 Rg4 47. Ne7 e4 48. Nf5+ Kf3 49. Kd2 Rg5 50. Rf1+ Kg2
51. Ne3+ Kxg3 52. Rf5 Kh4 53. Rf4+ Kxh5 54. Rxe4 g6 55. Kxd3 f5 56. Rf4 Rg3
57. Ke2 Kg5 58. Ra4 h5 59. Kf2 f4 60. Ra5+ Kh4 61. Ng2+ Kg4 62. Ra4 g5 63.
Ne1 h4 64. Ra8 h3 65. Rh8 f3 66. Rh7 Rg2+ 67. Nxg2 fxg2 { White forfeits on
time } 0-1

[Event "ICC tourney 2375 (15 3)"]
[Site "Internet Chess Club"]
[Date "2021.02.06"]
[Round "5"]
[White "IveDoneEnough"]
[Black "nuttysac"]
[Result "0-1"]
[ICCResult "White resigns"]
[WhiteElo "1645"]
[BlackElo "1761"]
[Opening "Sicilian: Taimanov variation"]
[ECO "B45"]
[NIC "SI.39"]
[Time "16:30:37"]
[PlyCount "42"]
[TimeControl "900+3"]

1. e4 c5 2. Nf3 Nc6 3. d4 cxd4 4. Nxd4 e6 5. Nc3 g6 6. Be3 a6 7. Nxc6 bxc6
8. Bd3 Bg7 9. O-O Nf6 10. e5 Nd5 11. Nxd5 exd5 12. f4 O-O 13. c4 d6 14.
cxd5 cxd5 15. exd6 Qxd6 16. Qc2 d4 17. Bf2 Qxf4 18. Be4 Ra7 19. Rad1 Rd7
20. Bxd4 Bxd4+ 21. Rxd4 Qe3+ { White resigns } 0-1

[Event "ICC tourney 2375 (15 3)"]
[Site "Internet Chess Club"]
[Date "2021.02.06"]
[Round "5"]
[White "lwidjaja"]
[Black "ChrisHinkle"]
[Result "1-0"]
[ICCResult "Black resigns"]
[WhiteElo "1482"]
[BlackElo "1513"]
[Opening "Two knights defense (Modern bishop's opening)"]
[ECO "C55"]
[NIC "IG.01"]
[Time "16:31:01"]
[PlyCount "35"]
[TimeControl "900+3"]

1. e4 e5 2. Nf3 Nc6 3. Bc4 Nf6 4. d3 Be7 5. c3 O-O 6. O-O h6 7. Nbd2 Bc5 8.
a4 a6 9. Re1 d6 10. Nf1 Bg4 11. h3 Bh5 12. Ng3 Bg6 13. Nh4 Bh7 14. Ngf5 Ne7
15. Qf3 Qd7 16. Nxh6+ gxh6 17. Qxf6 d5 18. Bxh6 { Black resigns } 1-0

[Event "ICC tourney 2375 (15 3)"]
[Site "Internet Chess Club"]
[Date "2021.02.06"]
[Round "5"]
[White "byumitchell"]
[Black "Stepaheadofu"]
[Result "1-0"]
[ICCResult "Black checkmated"]
[WhiteElo "1471"]
[BlackElo "1631"]
[Opening "Scotch gambit"]
[ECO "C44"]
[NIC "SO.06"]
[Time "16:31:01"]
[PlyCount "83"]
[TimeControl "900+3"]

1. e4 e5 2. Nf3 Nc6 3. d4 exd4 4. Bc4 h6 5. Nxd4 Nxd4 6. Qxd4 Qf6 7. Qd3
Bc5 8. O-O d6 9. Nc3 Qg6 10. Kh1 Nf6 11. Be3 Be6 12. Bxe6 fxe6 13. Bxc5
dxc5 14. Nb5 O-O 15. Nxc7 Rad8 16. Qb3 Nd5 17. exd5 exd5 18. Nxd5 b6 19.
Ne7+ Kh7 20. Nxg6 Kxg6 21. h3 Rd7 22. Rad1 Rxd1 23. Rxd1 Rxf2 24. Qd3+ Kf7
25. Rf1 Rxf1+ 26. Qxf1+ Kg8 27. Qf5 a5 28. Qe6+ Kh7 29. Qxb6 c4 30. Qxa5
Kg6 31. Qc5 h5 32. Qxc4 h4 33. a4 Kf6 34. a5 g6 35. a6 g5 36. a7 Kf5 37.
a8=Q Ke5 38. Qa5+ Kd6 39. Qcb4+ Kc6 40. Qbb6+ Kd7 41. Qaa7+ Kc8 42. Qbb8# {
Black checkmated } 1-0

[Event "ICC tourney 2375 (15 3)"]
[Site "Internet Chess Club"]
[Date "2021.02.06"]
[Round "5"]
[White "GSHenry"]
[Black "AdityaBang"]
[Result "0-1"]
[ICCResult "White resigns"]
[WhiteElo "1670"]
[BlackElo "1416"]
[Opening "Queen's Pawn"]
[ECO "A41"]
[NIC "QO.17"]
[Time "16:30:23"]
[PlyCount "54"]
[TimeControl "900+3"]

1. d4 d6 2. Bf4 Nf6 3. Nc3 g6 4. e4 Bg7 5. Nf3 O-O 6. h4 Nh5 7. Be3 Nc6 8.
Be2 e5 9. d5 Ne7 10. Ng5 Nf6 11. g4 h6 12. Nh3 Nh7 13. g5 h5 14. Na4 Bxh3
15. Rxh3 Qd7 16. Rh1 Qxa4 17. Bxh5 gxh5 18. Qxh5 Qxe4 19. Rg1 Ng6 20. Kd2
Qxh4 21. Rh1 Qxh5 22. Rxh5 f6 23. Rah1 Nxg5 24. Rg1 Nf3+ 25. Ke2 Nxg1+ 26.
Kf1 Nf3 27. Kg2 Nfh4+ { White resigns } 0-1

[Event "ICC tourney 2375 (15 3)"]
[Site "Internet Chess Club"]
[Date "2021.02.06"]
[Round "5"]
[White "LucaMik1"]
[Black "quale"]
[Result "1-0"]
[ICCResult "Black resigns"]
[WhiteElo "1408"]
[BlackElo "1724"]
[Opening "QGD Slav defense: exchange variation"]
[ECO "D13"]
[NIC "SL.01"]
[Time "16:30:23"]
[PlyCount "79"]
[TimeControl "900+3"]

1. d4 d5 2. c4 c6 3. cxd5 cxd5 4. Nc3 Nf6 5. Nf3 Nc6 6. Bg5 e6 7. e3 Be7 8.
Bb5 O-O 9. O-O a6 10. Bd3 Nb4 11. Bb1 Bd7 12. a3 Nc6 13. Qd3 g6 14. Bh6 Re8
15. b4 Bf8 16. Bg5 Bg7 17. Ne5 Qc7 18. Nxd7 Nxd7 19. Bf4 Qd8 20. Ba2 Qh4
21. Bg3 Qh5 22. Bb3 b5 23. Bd1 Qg5 24. Bf4 Qe7 25. Bf3 Rac8 26. Rfc1 Nf6
27. Bg5 Qd7 28. Rc2 e5 29. Bxf6 e4 30. Bxe4 dxe4 31. Nxe4 Rxe4 32. Qxe4
Bxf6 33. Rac1 Ne7 34. Rxc8+ Nxc8 35. Qa8 Qe7 36. Rxc8+ Kg7 37. Rg8+ Kh6 38.
Qf8+ Kg5 39. Qxe7 Bxe7 40. Ra8 { Black resigns } 1-0

[Event "ICC tourney 2375 (15 3)"]
[Site "Internet Chess Club"]
[Date "2021.02.06"]
[Round "5"]
[White "Dayman"]
[Black "dMerc37"]
[Result "1-0"]
[ICCResult "Black checkmated"]
[WhiteElo "1623"]
[BlackElo "1466"]
[Opening "Ruy Lopez: Berlin defense, Beverwijk variation"]
[ECO "C64"]
[NIC "RL.01"]
[Time "16:31:01"]
[PlyCount "119"]
[TimeControl "900+3"]

1. e4 e5 2. Nf3 Nc6 3. Bb5 Bc5 4. O-O Nf6 5. c3 Nxe4 6. Qe2 Nf6 7. Bxc6
dxc6 8. d4 Bb6 9. Qxe5+ Be6 10. Bg5 Qe7 11. Nbd2 O-O-O 12. Ne4 Rd5 13. Bxf6
gxf6 14. Qxf6 Qxf6 15. Nxf6 Rf5 16. Ne4 Rg8 17. Ng3 Rf6 18. a4 a5 19. Rae1
c5 20. Re4 cxd4 21. Nxd4 Bd5 22. Rh4 h6 23. Rh5 Bxd4 24. cxd4 Rg5 25. Rxg5
hxg5 26. Re1 Rb6 27. Nf5 Be6 28. Re5 Rxb2 29. h3 Bxf5 30. Rxf5 Rb4 31. Rxg5
Rxd4 32. Rxa5 b6 33. Ra8+ Kb7 34. Rf8 Rf4 35. g3 Rf6 36. g4 b5 37. axb5 Kb6
38. g5 Rf5 39. h4 Kxb5 40. g6 Rf6 41. gxf7 c5 42. Rb8+ Kc4 43. f8=Q Rg6+
44. Kf1 Re6 45. Qf7 Kd5 46. Qxe6+ Kxe6 47. Kg2 Ke5 48. Kg3 Kd4 49. h5 c4
50. h6 c3 51. Rc8 Kd3 52. Rxc3+ Kxc3 53. h7 Kd2 54. h8=Q Ke1 55. Qe5+ Kf1
56. Qb5+ Kg1 57. f4 Kh1 58. f5 Kg1 59. Qb2 Kf1 60. Qf2# { Black checkmated
} 1-0

[Event "ICC tourney 2375 (15 3)"]
[Site "Internet Chess Club"]
[Date "2021.02.06"]
[Round "5"]
[White "RatislavK"]
[Black "tistime"]
[Result "1-0"]
[ICCResult "Black resigns"]
[WhiteElo "1482"]
[BlackElo "821"]
[Opening "Caro-Kann: advance variation"]
[ECO "B12"]
[NIC "CK.04"]
[Time "16:30:47"]
[PlyCount "59"]
[TimeControl "900+3"]

1. e4 c6 2. d4 d5 3. e5 Bf5 4. h4 h5 5. Nf3 e6 6. Be3 Qb6 7. b3 c5 8. c4
Nc6 9. Nc3 cxd4 10. Nxd4 Nxd4 11. Bxd4 Bc5 12. Bxc5 Qxc5 13. Be2 d4 14. Nb5
a6 15. Qxd4 Qb4+ 16. Qc3 Qxc3+ 17. Nxc3 Ne7 18. f4 O-O 19. Kf2 Nc6 20. Bxh5
Rfd8 21. Rhd1 g6 22. Bf3 Bc2 23. Rd6 Rxd6 24. exd6 Rd8 25. Bxc6 bxc6 26. c5
Kg7 27. g4 f5 28. g5 Bd3 29. Rd1 Bb5 30. a4 { Black resigns } 1-0

[Event "ICC tourney 2375 (15 3)"]
[Site "Internet Chess Club"]
[Date "2021.02.06"]
[Round "5"]
[White "Najeebhadi"]
[Black "swordfish89198"]
[Result "1-0"]
[ICCResult "Black checkmated"]
[WhiteElo "1700"]
[BlackElo "1198"]
[Opening "Sicilian: closed"]
[ECO "B24"]
[NIC "SI.44"]
[Time "16:30:33"]
[PlyCount "95"]
[TimeControl "900+3"]

1. e4 c5 2. Nc3 Nc6 3. g3 g6 4. Bg2 Bg7 5. Nge2 e5 6. d3 Nge7 7. O-O O-O 8.
f4 d6 9. h3 f5 10. Kh2 Nd4 11. Nd5 Nxd5 12. exd5 Nb5 13. c3 b6 14. Qa4 Nc7
15. Bd2 Bb7 16. Rae1 Qe8 17. Qb3 Qf7 18. c4 Ne8 19. Ng1 Qc7 20. Nf3 exf4
21. Bxf4 Bc8 22. Ng5 Be5 23. Bxe5 dxe5 24. Qc3 Nd6 25. Qxe5 h6 26. Ne6 Bxe6
27. Qxe6+ Kg7 28. Qe7+ Rf7 29. Qxc7 Rxc7 30. Re6 Rd7 31. Rfe1 Kf7 32. g4
Rad8 33. gxf5 Nxf5 34. Be4 Nh4 35. Rf1+ Kg7 36. Rff6 Rd6 37. Rxd6 Re8 38.
Kg3 g5 39. Rxh6 Re7 40. Rh7+ Kf8 41. Rd8+ Re8 42. Rh8+ Kf7 43. Rdxe8 Nf5+
44. Bxf5 g4 45. Re6 gxh3 46. Rh7+ Kf8 47. Rc6 Ke8 48. Rc8# { Black
checkmated } 1-0

[Event "ICC tourney 2375 (15 3)"]
[Site "Internet Chess Club"]
[Date "2021.02.06"]
[Round "5"]
[White "JamesS"]
[Black "fabianolivares"]
[Result "0-1"]
[ICCResult "White resigns"]
[WhiteElo "1450"]
[BlackElo "1714"]
[Opening "Sicilian: Hungarian variation"]
[ECO "B34"]
[NIC "SI.43"]
[Time "16:30:08"]
[PlyCount "106"]
[TimeControl "900+3"]

1. e4 c5 2. Nf3 g6 3. d4 cxd4 4. Nxd4 Bg7 5. Nc3 Nc6 6. Be3 Nf6 7. f3 d5 8.
Nxc6 bxc6 9. e5 Ng8 10. f4 e6 11. Be2 Ne7 12. Bc5 O-O 13. g4 f6 14. Bd6
fxe5 15. fxe5 Bh6 16. h4 Qb6 17. Rf1 Rxf1+ 18. Kxf1 Kf7 19. g5 Bg7 20. h5
Nf5 21. hxg6+ hxg6 22. Qd3 a5 23. Nd1 Ba6 24. Qf3 Rh8 25. Bxa6 Qxa6+ 26.
Kg2 Qb6 27. c3 Rh5 28. Qf4 Qb5 29. Nf2 Qxb2 30. Rh1 Rxh1 31. Kxh1 Qxc3 32.
Ng4 Qh3+ 33. Kg1 Qg3+ 34. Qxg3 Nxg3 35. Kf2 Ne4+ 36. Ke3 Nxg5 37. Kd4 Ne4
38. a4 Bf8 39. Bc7 c5+ 40. Kd3 c4+ 41. Kc2 Bb4 42. Ne3 g5 43. Ng4 Kg6 44.
Bd8 d4 45. Nf6 Nxf6 46. exf6 g4 47. Bb6 d3+ 48. Kd1 c3 49. Bd4 c2+ 50. Kc1
Ba3+ 51. Bb2 Bxb2+ 52. Kxb2 Kxf6 53. Kc1 g3 { White resigns } 0-1